 Dungeon Crawl Stone Soup version 0.31-a0-187-gba352fbbf7 (webtiles) character file.

Game seed: 978562484891063654

15 qw the Shooter (level 2, -2/16 HPs)
             Began as a Deep Elf Hunter on June 22, 2023.
             Slain by an orc
             ... wielding a +0 war axe
              (5 damage)
             ... on level 2 of the Dungeon.
             The game lasted 00:00:12 (785 turns).

qw the Shooter (Deep Elf Hunter)                     Turns: 785, Time: 00:00:13

Health: -2/16      AC:  5    Str:  8    XL:     2   Next: 34%
Magic:  4/4        EV: 10    Int: 13    God:
Gold:   118        SH:  0    Dex: 18    Spells: 1/1 levels left

rFire   . . .        Y - +0 shortbow
rCold   . . .        (shield currently unavailable)
rNeg    . . .        d - +0 ring mail
rPois   .            (no helmet)
rElec   .            (no cloak)
rCorr   .            (no gloves)
SInv    .            (no boots)
Will    .....        (no amulet)
Stlth   +            (no ring)
HPRegen 0.22/turn    (no ring)
MPRegen 0.09/turn

%: no passive effects
@: no status effects
A: no striking features
a: no special abilities


You were on level 2 of the Dungeon.
You visited 1 branch of the dungeon, and saw 2 of its levels.

You collected 118 gold pieces.


   Skills:
 - Level 1.5 Fighting
 + Level 6.2 Ranged Weapons
 - Level 2.4 Dodging
 - Level 1.2 Stealth


You had one spell level left.
You didn't know any spells.
Your spell library was empty.

Inventory:

Hand Weapons
 Y - a +0 shortbow (weapon)
Armour
 d - a +0 ring mail (worn)
Scrolls
 k - a scroll of identify
Potions
 f - a potion of magic {unknown}

Dungeon Overview and Level Annotations

Branches:
Dungeon (2/15)

Altars:


Message History

An orc priest and 2 orcs come into view.
An orc is wielding a +2 dagger of electrocution.
The orc shouts! x2
The orc moves out of view.
You see here the +11 mace "Apreku" {venom, rN+}.
You shoot an arrow. The orc priest shouts!
The arrow hits the orc priest!
The orc priest is heavily wounded.
You shoot an arrow.
The arrow hits the orc but does no damage.
An orc priest comes into view. It is wielding a +0 dagger.
You shoot an arrow. The orc priest shouts!
The arrow hits the orc but does no damage.
You shoot an arrow. The arrow hits the orc.
The orc is moderately wounded.
The orc priest mumbles some strange prayers to Beogh against you.
Beogh smites you!
Ouch! That really hurt!
You shoot an arrow.
The arrow hits the orc but does no damage.
The orc is moderately wounded.
The orc closely misses you.
You shoot an arrow. The arrow hits the orc.
The orc is heavily wounded.
The orc priest looks encouraged for a moment.
The orc hits you but does no damage.
You shoot an arrow. The arrow hits the orc.
The orc is severely wounded.
The orc hits you with a +2 dagger of electrocution.
The orc barely misses you.
You shoot an arrow.
The arrow hits the orc but does no damage.
The orc is severely wounded.
The orc hits you with a +2 dagger of electrocution.
You shoot an arrow. The arrow hits the orc.
You kill the orc!
The orc hits you with a +0 war axe.
You die...

.....#......
#%....#.#####
#.#.###..?.....
#.....<.#.#####
###.......#
#####.### #...#
#o..# #@.o#
#o).# #...#
....[. .......
..........
##...#.##.
#...#..


You could see 2 orc priests and an orc.

Vanquished Creatures
  An orc (D:2)
  4 ball pythons (D:1)
  2 giant cockroaches (D:1)
  A hobgoblin (D:1)
  A quokka (D:1)
  3 bats
  2 kobolds (D:1)
  3 rats (D:1)
17 creatures vanquished.

Notes
Turn   | Place    | Note
-------+----------+-------------------------------------------
     0 | D:1      | qw the Deep Elf Hunter began the quest for the Orb.
     0 | D:1      | Reached XP level 1. HP: 12/12 MP: 3/3
     0 | D:1      | 0 ||| qw: Version: 0.3-a-9-g12657ce
     0 | D:1      | 0 ||| qw: Game counter: 2086
     0 | D:1      | 0 ||| qw: Always use a shield: true
     0 | D:1      | 0 ||| qw: God list: Okawaru
     0 | D:1      | 0 ||| qw: Allow faded altars: false
     0 | D:1      | 0 ||| qw: Do Orc after D:15 true
     0 | D:1      | 0 ||| qw: Do second Lair branch before Depths: true
     0 | D:1      | 0 ||| qw: Lair rune preference: random
     0 | D:1      | 0 ||| qw: Plans: Normal
     0 | D:1      | 0 ||| PLANNING D:1-11
   223 | D:1      | Reached XP level 2. HP: 16/16 MP: 4/4
   234 | D:1      | Reached skill level 6 in Ranged Weapons
   632 | D:1      | 632 ||| UPGRADING to +0 ring mail.
   642 | D:1      | 642 ||| DROPPING +0 leather armour.
   643 | D:1      | 643 ||| READING scroll labelled MOXZINW DYFOE.
   744 | D:1      | 744 ||| READING scroll labelled MIESAD MAUNAWE.
   745 | D:1      | 745 ||| READING scroll labelled ZOINGI UGOPY.
   746 | D:1      | 746 ||| READING scroll labelled SOEV YCSAOMPA.
   747 | D:1      | 747 ||| READING scroll labelled QOYZEE HOGU.
   748 | D:1      | 748 ||| READING 2 scrolls labelled KEODUAXAXA.
   749 | D:1      | 749 ||| DROPPING scroll of butterflies.
   776 | D:2      | Identified the +11 mace "Apreku" {venom, rN+}
   783 | D:2      | HP: 4/16 [orc/+2 dagger of electrocution (2)]
   785 | D:2      | Slain by an orc

Levels and vault maps discovered:
D:1:      co_arrival_square_in_a_square_in_a_square, layout_loops_ring
D:2:      layout_loops_cross, serial_bayou_pond_b,
          hangedman_abyss_or_decor_stabs

Skill      XL: |  1  2 |
---------------+-------+-----
Ranged Weapons | 6 |  6.2
Fighting       | |  1.5
Dodging        | |  2.4
Stealth        | |  1.2

Action                     || total
---------------------------++-------
   Fire: Shortbow          ||    34
    Use: Scroll            ||     6
 Armour: Ring mail         ||     1
  Dodge: Dodged            ||     3

Table legend:
 A = Non-vault XP
 B = Vault XP
 C = Vault XP percentage of total XP
 D = Non-vault monster count
 E = Vault monster count
 F = Vault count percentage of total count
                 A         B        C        D         E       F
            +---------+---------+-------+---------+---------+-------
      Total |      25 |       0 |   0.0 |      17 |       0 |   0.0
            +---------+---------+-------+---------+---------+-------
        D:1 |      21 |       0 |   0.0 |      15 |       0 |   0.0
        D:2 |       4 |       0 |   0.0 |       2 |       0 |   0.0
            +---------+---------+-------+---------+---------+-------
